 Dungeon Sprint DCSS version 0.26-a0-30-g56b8cd3df0 (webtiles) character file.

Game seed: 15616627099760067273, levelgen mode: deterministic

625 Apogee the Severer (level 7, -2/66 HPs)
             Began as a Minotaur Fighter on June 2, 2020.
             Was an Initiate of Cheibriados.
             Slain by Sonja
             ... wielding a +1 short sword of venom
              (4 damage)
             ... in the Dungeon (Sprint I: "Red Sonja").
             The game lasted 00:03:06 (441 turns).

Apogee the Severer (Minotaur Fighter)                Turns: 441, Time: 00:03:07

Health: -2/66      AC:  6    Str: 23    XL:     7   Next: 23%
Magic:  5/6        EV:  9    Int:  6    God:    Cheibriados [......]
Gold:   314        SH:  0    Dex: 11    Spells: 6/6 levels left

rFire    . . .     SeeInvis .   a - +0 war axe
rCold    . . .     Gourm    .   (no shield)
rNeg     . . .     Faith    .   b - +0 scale mail
rPois    .         Spirit   .   (helmet restricted)
rElec    .         Reflect  .   (no cloak)
rCorr    .         Harm     .   (no gloves)
MR       .....     NoTele   +   (no boots)
Stlth    ..........             (no amulet)
HPRegen  0.21/turn              (no ring)
MPRegen  0.10/turn              (no ring)

@: lethally poisoned (-2 -> -57), very slow
A: retaliatory headbutt, horns 2
a: Bend Time, Renounce Religion


You were in the Dungeon.
You worshipped Cheibriados.
Cheibriados was noncommittal.
You were not hungry.

You visited 1 branch You collected 314 gold pieces.

Inventory:

Hand Weapons
 a - a +0 war axe (weapon)
Armour
 b - a +0 scale mail (worn)
 c - a +0 kite shield
Wands
 l - a wand of random effects (22)
Scrolls
 k - a scroll of blinking {!r}
Potions
 d - a potion of might
 h - a potion of haste
 i - 2 potions of magic
 j - a potion of berserk rage {!q}
Comestibles
 f - a ration
 m - 5 chunks of flesh


   Skills:
 + Level 7.4 Fighting
 - Level 16.5 Axes
 - Level 3.6 Armour
 - Level 3.6 Shields


You had 6 spell levels left.
You didn't know any spells.
Your spell library was empty.

Dungeon Overview and Level Annotations

Branches:
Dungeon (1/1)

Altars:
Cheibriados
Dithmenos
Elyvilon
Fedhas
Gozag
Hepliaklqana
Kikubaaqudgha
Nemelex Xobeh
Okawaru
Qazlal
Ru
Sif Muna
Trog
Uskayaw
Vehumet
Wu Jian
Yredelemnul
Zin
The Shining One
Jiyva
Lugonu

Shops:
D !

Annotations:
D Sonja


Innate Abilities, Weirdness & Mutations

You reflexively headbutt those who attack you in melee.
You have a pair of horns on your head.


Message History

* * * LOW HITPOINT WARNING * * *
You feel very sick.
Sonja opens the door.
You see here 27 gold pieces.
* * * LOW HITPOINT WARNING * * *
You feel very sick.
Sonja hits you with a +1 short sword of venom.
* * * LOW HITPOINT WARNING * * *
You are more poisoned.
Sonja hits you but does no damage.
You are more poisoned.
Sonja hits you but does no damage.
You are more poisoned.
You see here a curare-tipped dart.
You barely miss Sonja.
Sonja is heavily wounded.
* * * LOW HITPOINT WARNING * * *
You feel very sick.
Sonja hits you with a +1 short sword of venom.
You die...

#..'[.#..').#..'..+
#..#####'#####'#
#..####..#...#.#
#..#__####.(##)#
#..#_____##'#_.+
#⌠⌠#_.∩...÷..._#
####_..__##_.#+#
#_____###K#
#########@##


+$($+ #$.$# ##.## #+# You could see Sonja.

Vanquished Creatures
  A slime creature (D)
  Sigmund (D)
  A yak (D)
  An ogre (D)
  A jelly (D)
  Ijyb (D)
6 creatures vanquished.

Notes
Turn   | Place    | Note
-------+----------+-------------------------------------------
     0 | D        | Apogee the Minotaur Fighter began the quest for the Orb.
     0 | D        | Reached XP level 1. HP: 19/19 MP: 0/0
     1 | D        | Noticed Ijyb
    11 | D        | Killed Ijyb
    11 | D        | Reached skill level 7 in Axes
    11 | D        | Reached XP level 2. HP: 21/26 MP: 1/1
    20 | D        | Noticed an ogre
    24 | D        | Killed an ogre
    24 | D        | Reached skill level 11 in Axes
    24 | D        | Reached XP level 3. HP: 27/31 MP: 2/2
    24 | D        | Reached XP level 4. HP: 34/39 MP: 3/3
    70 | D        | Noticed Sigmund
    81 | D        | Killed Sigmund
    81 | D        | Reached skill level 14 in Axes
    81 | D        | Reached XP level 5. HP: 34/45 MP: 4/4
    81 | D        | Reached XP level 6. HP: 38/51 MP: 5/5
   154 | D        | Found an ornate altar of the Wu Jian Council.
   154 | D        | Found a shimmering blue altar of Sif Muna.
   156 | D        | Found a radiant altar of Vehumet.
   192 | D        | Found a viscous altar of Jiyva.
   192 | D        | Found a corrupted altar of Lugonu.
   192 | D        | Noticed a slime creature
   200 | D        | Killed a slime creature
   200 | D        | Reached skill level 16 in Axes
   316 | D        | Found Fuacwed's Distillery.
   316 | D        | Found an ancient bone altar of Kikubaaqudgha.
   316 | D        | Found a hazy altar of Hepliaklqana.
   316 | D        | Found a stormy altar of Qazlal.
   316 | D        | Found a hide-covered altar of Uskayaw.
   316 | D        | Found a blossoming altar of Fedhas.
   316 | D        | Found a bloodstained altar of Trog.
   316 | D        | Found an iron altar of Okawaru.
   316 | D        | Found a basalt altar of Yredelemnul.
   316 | D        | Found a glowing golden altar of the Shining One.
   316 | D        | Found a snail-covered altar of Cheibriados.
   316 | D        | Found a sacrificial altar of Ru.
   316 | D        | Found a glowing silver altar of Zin.
   316 | D        | Found a shadowy altar of Dithmenos.
   316 | D        | Found a white marble altar of Elyvilon.
   316 | D        | Noticed a yak
   324 | D        | Killed a yak
   324 | D        | Reached XP level 7. HP: 50/66 MP: 6/6
   325 | D        | Found an opulent altar of Gozag.
   397 | D        | Found a sparkling altar of Nemelex Xobeh.
   407 | D        | Became a worshipper of Cheibriados the Contemplative
   413 | D        | Noticed Sonja
   441 | D        | HP: 2/66 [poisoned by Sonja]
   441 | D        | Slain by Sonja

Illustrated notes

Levels and vault maps discovered:
D:        dungeon_sprint_1 [red_sonja_temple_1, red_sonja_temple_small_1]

Skill      XL: |  1  2  3  4  5  6 |
---------------+-------------------+-----
Axes           | 7 11 14 16 | 16.5
Fighting       | 7 |  7.4
Armour         | |  3.6
Shields        | |  3.6

Action                   |  1- 3 |  4- 6 |  7- 9 || total
-------------------------+-------+-------+-------++-------
Melee: War axe           |    12 |    27 |     7 ||    46
       Headbutt          |     2 |     6 |       ||     8
Invok: Bend Time         |       |       |     1 ||     1
  Use: Potion            |       |       |     2 ||     2
Armor: Scale mail        |     4 |     4 |     9 ||    17
Dodge: Dodged            |     4 |     3 |    12 ||    19
Block: Kite shield       |     5 |       |       ||     5

Table legend:
 A = Non-vault XP
 B = Vault XP
 C = Vault XP percentage of total XP
 D = Non-vault monster count
 E = Vault monster count
 F = Vault count percentage of total count
                 A         B        C        D         E       F
            +---------+---------+-------+---------+---------+-------
      Total |       0 |     894 | 100.0 |       0 |       6 | 100.0
            +---------+---------+-------+---------+---------+-------
          D |       0 |     894 | 100.0 |       0 |       6 | 100.0
            +---------+---------+-------+---------+---------+-------
